 Dungeon Crawl Stone Soup version 0.22-a0-479-gc6e99f3 (webtiles) character file.

111 Laiders72 the Magician (level 4, -4/32 HPs)
             Began as a Gnoll Wizard on June 15, 2018.
             Slain by a shadow (15 damage)
             ... on level 6 of the Dungeon.
             The game lasted 00:07:24 (3218 turns).

Laiders72 the Magician (Gnoll Wizard)               Turns: 3218, Time: 00:07:24

Health: -4/32      AC:  3    Str:  9    XL:     4   Next: 92%
Magic:  4/13       EV: 14    Int: 21    God:
Gold:   207        SH:  0    Dex: 14    Spells: 6/17 levels left

rFire    . . .     SeeInvis .   v - +0 whip
rCold    . . .     Gourm    .   (no shield)
rNeg     . . .     Faith    .   a - +0 robe
rPois    .         Spirit   .   b - +0 hat
rElec    .         Reflect  .   (no cloak)
rCorr    .         Harm     .   (no gloves)
MR       .....                  q - +0 pair of boots (curse)
Stlth    +++.......             (no amulet)
HPRegen  0.10/turn              (no ring)
MPRegen  0.13/turn              (no ring)

@: very slightly contaminated
A: distributed training, fangs 1, strong nose
a: no special abilities


You were on level 6 of the Dungeon.
You were hungry.

You visited 1 branch of the dungeon, and saw 5 of its levels.

You collected 207 gold pieces.

Inventory:

Hand Weapons
 j - a +2 antimagic spear
 v - a +0 whip (weapon)
Armour
 a - a +0 robe (worn)
 b - a +0 hat (worn)
 q - a cursed +0 pair of boots (worn)
Wands
 s - a wand of polymorph (18)
 u - a wand of digging (5)
Scrolls
 c - 2 scrolls of remove curse
 e - a scroll of noise {unknown}
 f - a scroll of enchant armour {unknown}
 g - 3 scrolls of fog {unknown}
 h - a scroll of amnesia {unknown}
 i - a scroll of teleportation {unknown}
 r - a scroll of fear {unknown}
 t - a scroll of immolation {unknown}
 w - a scroll of magic mapping {unknown}
 x - a scroll of identify
Potions
 k - 2 potions of heal wounds
 l - a potion of agility
 m - a potion of haste {unknown}
 n - a potion of brilliance {unknown}
 o - a potion of invisibility {unknown}
 p - a potion of curing {unknown}
Comestibles
 d - 10 rations


   Skills:
 + Level 1.2 Fighting
 + Level 1.2 Short Blades
 + Level 1.2 Long Blades
 + Level 1.2 Axes
 + Level 1.2 Maces & Flails
 + Level 1.2 Polearms
 + Level 1.2 Staves
 + Level 1.2 Slings
 + Level 1.2 Bows
 + Level 1.2 Crossbows
 + Level 1.2 Throwing
 + Level 1.2 Armour
 + Level 4.7 Dodging
 + Level 4.3 Stealth
 + Level 1.2 Shields
 + Level 1.2 Unarmed Combat
 + Level 7.2 Spellcasting
 + Level 2.3 Conjurations
 + Level 1.0 Hexes
 + Level 1.0 Charms
 + Level 2.3 Summonings
 + Level 1.0 Necromancy
 + Level 2.3 Translocations
 + Level 1.0 Transmutations
 + Level 1.0 Fire Magic
 + Level 1.0 Ice Magic
 + Level 1.0 Air Magic
 + Level 1.0 Earth Magic
 + Level 1.0 Poison Magic
 + Level 1.4 Invocations
 + Level 1.2 Evocations


You had 6 spell levels left.
You knew the following spells:

 Your Spells              Type           Power        Failure   Level  Hunger
a - Magic Dart            Conj           ###.         3%          1    None
b - Blink                 Tloc           N/A          4%          2    None
c - Call Imp              Summ           ###.....     4%          2    None
d - Conjure Flame         Conj/Fire      ##......     13%         3    None
e - Mephitic Cloud        Conj/Pois/Air  ##......     14%         3    None

Your spell library contained the following spells:

 Spells                   Type           Power        Failure   Level  Hunger
 Slow                     Hex            ##......     9%          2    None


Dungeon Overview and Level Annotations

Branches:
Dungeon (6/15)
 Temple: D:4-7

Altars:
Fedhas
Makhleb
Qazlal
Trog

Shops:
D:5 [

Annotations:
D:3 Yarrr's ghost, amateur DsCK
D:5 Grinder


Innate Abilities, Weirdness & Mutations

Your experience applies equally to all skills.
You have very sharp teeth.
Your uncanny sense of smell can sniff out nearby items.


Message History

Aiming: Magic Dart (safe; 3% risk of failure)
Press: ? - help, Shift-Dir - straight line, f/p - shadow
Aim: a shadow The magic dart hits the shadow.
The shadow is moderately damaged.
The shadow hits you. The jackal barely misses you.
Casting: Magic Dart (safe; 3% risk of failure)
Confirm with . or Enter, or press ? or * to list all spells.
Aiming: Magic Dart (safe; 3% risk of failure)
Press: ? - help, Shift-Dir - straight line, f/p - shadow
Aim: a shadow (moderately damaged)
The magic dart hits the shadow.
The shadow is moderately damaged.
The jackal bites you.
The shadow slips into darkness.
The shadow flickers and vanishes!
Deactivating autopickup; reactivate with Ctrl-A.
The jackal closely misses you.
The shadow strikes at you from the darkness!
You die...

#### ##.∆ ..... #..
##..... # #..# ###.......
...###.### ###....(..#
...#....§# ###(.@†h....#
...#.....###.....#.?.....
#....._........###.......
#.#.....#..#### .......
##.#....§#### .......
#..###.### #......
#......# ...... ...#####
#..... ..<#


You could see a jackal.

Vanquished Creatures
  4 adders
  2 oozes
  2 dart slugs (D:2)
  2 leopard geckos (D:2)
  3 orcs
  A ball python (D:1)
  A giant cockroach (D:2)
  5 goblins
  5 hobgoblins
  4 jackals
  5 quokkas
  6 bats
  3 frilled lizards
  A kobold (D:1)
  10 rats
54 creatures vanquished.

Vanquished Creatures (collateral kills)
  A leopard gecko (D:5)
  2 jackals (D:5)
3 creatures vanquished.

Grand Total: 57 creatures vanquished

Notes
Turn   | Place    | Note
-------+----------+-------------------------------------------
     0 | D:1      | Laiders72 the Gnoll Wizard began the quest for the Orb.
     0 | D:1      | Reached XP level 1. HP: 13/13 MP: 8/8
   137 | D:1      | Reached XP level 2. HP: 19/19 MP: 6/10
   487 | D:1      | Reached XP level 3. HP: 25/25 MP: 7/11
   759 | D:2      | Reached skill level 1 in Invocations
   844 | D:2      | Reached skill level 1 in Fighting
   844 | D:2      | Reached skill level 1 in Short Blades
   844 | D:2      | Reached skill level 1 in Long Blades
   844 | D:2      | Reached skill level 1 in Axes
   844 | D:2      | Reached skill level 1 in Maces & Flails
   844 | D:2      | Reached skill level 1 in Polearms
   844 | D:2      | Reached skill level 1 in Staves
   844 | D:2      | Reached skill level 1 in Slings
   844 | D:2      | Reached skill level 1 in Bows
   844 | D:2      | Reached skill level 1 in Crossbows
   844 | D:2      | Reached skill level 1 in Throwing
   844 | D:2      | Reached skill level 1 in Armour
   844 | D:2      | Reached skill level 1 in Shields
   844 | D:2      | Reached skill level 1 in Unarmed Combat
   844 | D:2      | Reached skill level 1 in Evocations
   853 | D:2      | Reached XP level 4. HP: 17/32 MP: 4/13
  1356 | D:2      | Found a bloodstained altar of Trog.
  1656 | D:2      | Found a burning altar of Makhleb.
  1656 | D:2      | Noticed a cacodemon
  1759 | D:2      | Learned a level 2 spell: Blink
  1762 | D:2      | Learned a level 2 spell: Call Imp
  1766 | D:2      | Learned a level 3 spell: Conjure Flame
  1770 | D:2      | Learned a level 3 spell: Mephitic Cloud
  1905 | D:3      | Reached skill level 1 in Hexes
  1905 | D:3      | Reached skill level 1 in Charms
  1905 | D:3      | Reached skill level 1 in Necromancy
  1905 | D:3      | Reached skill level 1 in Transmutations
  1905 | D:3      | Reached skill level 1 in Fire Magic
  1905 | D:3      | Reached skill level 1 in Ice Magic
  1905 | D:3      | Reached skill level 1 in Air Magic
  1905 | D:3      | Reached skill level 1 in Earth Magic
  1905 | D:3      | Reached skill level 1 in Poison Magic
  2292 | D:3      | Found a blossoming altar of Fedhas.
  2343 | D:3      | Noticed Yarrr's ghost (amateur DsCK)
  2657 | D:3      | You fall through a shaft for 2 floors!
  2657 | D:5      | Entered Level 5 of the Dungeon
  2891 | D:5      | Found Fariz's Antique Armour Shop.
  2935 | D:5      | Noticed Grinder
  2947 | D:5      | Paralysed by Grinder for 6 turns
  3191 | D:6      | Found a stormy altar of Qazlal.
  3207 | D:6      | Noticed a shadow
  3218 | D:6      | Slain by a shadow

Vault maps used:
D:1:      scummos_arrival_gate
D:2:      makhleb_altar_promises_db, lemuel_round_altar
D:3:      corexii_item_surrounded_by_moat, minmay_item_behind_shaft,
          fedhas_altar_3
D:5:      nicolae_ru_path_of_blood, first_ration, serial_shops, shop,
          minmay_misc_feat_iff, uniq_grinder
D:6:      minmay_temple_entry_statues, grunt_qazlal_clouds, uniq_sigmund

Skill      XL: |  1  2  3  4 |
---------------+-------------+-----
Conjurations   | 2 |  2.3
Summonings     | 2 |  2.3
Translocations | 2 |  2.3
Invocations    | 1 |  1.4
Fighting       | 1 |  1.2
Short Blades   | 1 |  1.2
Long Blades    | 1 |  1.2
Axes           | 1 |  1.2
Maces & Flails | 1 |  1.2
Polearms       | 1 |  1.2
Staves         | 1 |  1.2
Slings         | 1 |  1.2
Bows           | 1 |  1.2
Crossbows      | 1 |  1.2
Throwing       | 1 |  1.2
Armour         | 1 |  1.2
Shields        | 1 |  1.2
Unarmed Combat | 1 |  1.2
Evocations     | 1 |  1.2
Hexes          | 1 |  1.0
Charms         | 1 |  1.0
Necromancy     | 1 |  1.0
Transmutations | 1 |  1.0
Fire Magic     | 1 |  1.0
Ice Magic      | 1 |  1.0
Air Magic      | 1 |  1.0
Earth Magic    | 1 |  1.0
Poison Magic   | 1 |  1.0
Dodging        | |  4.7
Stealth        | |  4.3
Spellcasting   | |  7.2

Action                   |  1- 3 |  4- 6 || total
-------------------------+-------+-------++-------
Melee: Spear             |    20 |    33 ||    53
       Whip              |       |    11 ||    11
       Bite              |       |     3 ||     3
 Cast: Magic Dart        |    48 |    47 ||    95
       Blink             |       |     4 ||     4
       Call Imp          |       |     4 ||     4
  Use: Potion            |     1 |       ||     1
       Scroll            |       |     3 ||     3
 Stab: Sleeping          |       |     2 ||     2
  Eat: Chunk             |       |     6 ||     6
Armor: Robe              |     3 |    12 ||    15
Dodge: Dodged            |    16 |    38 ||    54

Table legend:
 A = Spawn XP
 B = Non-spawn XP
 C = Spawn XP percentage of total XP
 D = Spawn monster count
 E = Non-spawn monster count
 F = Spawn count percentage of total count
 G = Total turns spent on level
                    A         B        C        D         E        F      G
               +---------+---------+-------+---------+---------+-------+---------
         Total |       0 |     159 |   0.0 |       0 |      57 |   0.0 |  3218
               +---------+---------+-------+---------+---------+-------+---------
           D:1 |       0 |      38 |   0.0 |       0 |      22 |   0.0 |   623
           D:2 |       0 |      67 |   0.0 |       0 |      16 |   0.0 |  1292
           D:3 |       0 |      39 |   0.0 |       0 |      11 |   0.0 |   742
           D:5 |       0 |       6 |   0.0 |       0 |       4 |   0.0 |   306
           D:6 |       0 |       9 |   0.0 |       0 |       4 |   0.0 |   255
               +---------+---------+-------+---------+---------+-------+---------
